cohdb
Replays
Latest Replays
All Replays
Popular Replays
Top Player Replays
Match Explorer
How It Works
Community
CoH3 Stats
Reddit
Sign in to upload your games and track your stats! →
Sign in with Steam
Match 41526324
Unlisted
Match 41526324
Overview
Messages
Build Orders
End
Construct Section Command Post
Vickers Machine Gun Team
Infantry Section
Infantry Section
Grenade Package
Infantry Section
Selects Air and Sea Battlegroup
Construct Platoon Command Post
Selects Commando Section Paradrop
Selects M1 Pack Howitzer Paradrop
Construct Field Infirmary
6-pounder Anti-tank Gun Team
M1 Pack Howitzer Paradrop
Selects Supply Surplus
Selects UNKNOWN (223837)
Construct Company Command Post
Centaur IV Medium Tank
Commando Section Paradrop
CMP 15cwt Truck
Selects Incendiary Bombing Run
Incendiary Bombing Run
Incendiary Bombing Run
Centaur IV Medium Tank
Unlock Towed 17-pounder Anti-tank Guns
BatmansDad
KyojinTIME
lamasroman580
UH|dun! ツ
UH|ck
iceman
0
0
Comments
sign in to comment!
No comments posted yet!